 Dungeon Crawl Stone Soup version 0.17-a0-1708-gbd78d88 (webtiles) character file.

6381 Edwin the Blocker (level 11, -3/87 HPs)
             Began as a Formicid Hunter on Aug 22, 2015.
             Was a Priest of Ru.
             Succumbed to a manticore's barbed spikes
             ... on level 9 of the Dungeon.
             The game lasted 00:49:52 (12597 turns).

Edwin the Blocker (Formicid Hunter)                Turns: 12597, Time: 00:49:52

Health: -3/87      AC: 16    Str: 19    XL:     11   Next: 17%
Magic:  18/18      EV: 10    Int: 13    God:    Ru [***...]
Gold:   179        SH: 14    Dex: 18    Spells: 0 memorised, 10 levels left

rFire  . . .     SeeInvis +     Z - +1 great sword (slice)
rCold  + . .     Clarity  .     q - +1 ring mail {rC+}
rNeg   + . .     SustAt   .     l - +2 shield
rPois  .         Gourm    .     (helmet unavailable)
rElec  .         Spirit   .     S - +1 cloak "Manog" {*Corrode rCorr Int+2 Stlth+}
rCorr  +         Warding  +     L - +0 pair of gloves of Umuweama {-Tele Regen+ MP+9 Str+2} (curse)
rMut   .         Stasis   +     Q - +2 pair of boots
MR     +....                    t - amulet of warding
Stlth  +++.......               M - +2 ring of protection
                                y - +4 ring of dexterity

@: manticore barbs, no scrolls, very slightly contaminated, invisible, somewhat
resistant to hostile enchantments, fairly stealthy
A: permanent stasis, dig shafts and tunnels, four strong arms, antennae 3, low
mp 1, inability to read while threatened, inability to train dodging
a: Dig, Shaft Self, Draw Out Power, Renounce Religion


You were on level 9 of the Dungeon.
You worshipped Ru.
Ru was most pleased with you.
You were not hungry.

You visited 2 branches of the dungeon, and saw 10 of its levels.
You also visited: Sewer.

You collected 654 gold pieces.
You spent 475 gold pieces at shops.

Inventory:

Hand weapons
 a - a +1 hand crossbow
 s - a +0 dagger of venom
 w - a +1 whip of freezing
 z - the +3 whip of Inquiry {drain, Str+2 Stlth+}
   (You found it on level 5 of the Dungeon)

   A truly terrible weapon, it drains the life of those it strikes.
   It affects your strength (+2).
   It makes you more stealthy.
 Z - a +1 great sword of slicing (weapon)
Missiles
 b - 17 bolts
Armour
 d - a +0 leather armour
 l - a +2 shield (worn)
 q - a +1 ring mail of cold resistance (worn)
 r - a +0 cloak
 L - the cursed +0 pair of gloves of Umuweama (worn) {-Tele Regen+ MP+9 Str+2}
   (You bought it in a shop on level 4 of the Dungeon)

   It affects your strength (+2).
   It affects your magic capacity (+9).
   It prevents most forms of teleportation.
   It increases your rate of regeneration.
   It has a curse placed upon it.
 Q - a +2 pair of boots (worn)
 S - the +1 cloak "Manog" (worn) {*Corrode rCorr Int+2 Stlth+}
   (You bought it in a shop on level 4 of the Dungeon)

   It affects your intelligence (+2).
   It protects you from acid and corrosion.
   It may corrode your equipment when you take damage.
   It makes you more stealthy.
Jewellery
 t - an amulet of warding (around neck)
 y - a +4 ring of dexterity (left hand)
 M - a +2 ring of protection (right hand)
Magical devices
 R - a wand of fireball (1)
 T - a wand of lightning (4)
 U - a wand of fire (8)
 W - a wand of paralysis (11)
Scrolls
 c - a scroll of enchant armour {unknown}
 g - 5 scrolls of remove curse
 n - 4 scrolls of amnesia
 p - 2 scrolls of fear
 F - a scroll of magic mapping
Potions
 f - a potion of flight {unknown}
 h - a potion of lignification {unknown}
 k - a potion of berserk rage {unknown}
 m - 6 potions of curing
 o - a potion of invisibility
 u - 2 potions of might {unknown}
 A - 5 potions of haste {unknown}
 D - a potion of heal wounds {unknown}
 E - a potion of ambrosia {unknown}
 G - 2 potions of agility {unknown}
 O - a potion of brilliance {unknown}
 X - a potion of magic {unknown}
Comestibles
 e - 5 bread rations
 j - 5 meat rations
 v - 2 royal jellies


   Skills:
 - Level 8.3 Fighting
 + Level 4.8 Long Blades
 - Level 9.1 Crossbows
 - Level 7.2 Armour
 - Level 3.8 Stealth
 - Level 9.7 Shields


You had 10 spell levels left.
You didn't know any spells.

Dungeon Overview and Level Annotations

Branches:
Dungeon (9/15)             Temple (1/1) D:4
   Lair: D:8-11         Orc: D:9-12

Altars:
Ashenzari
Cheibriados
Fedhas
Gozag
Kikubaaqudgha
Makhleb
Okawaru
Qazlal
Ru
Sif Muna
Trog
Vehumet
Yredelemnul
Zin
The Shining One

Shops:
D:4 ([[   D:7 *


Innate Abilities, Weirdness & Mutations

You are under a permanent stasis effect.
You can dig through walls and to a lower floor.
Your four strong arms can wield two-handed weapons with a shield.
You have a pair of large antennae on your head (SInv).
Your magical capacity is low (-10% MP).
You cannot read scrolls while threatened.
You cannot train Dodging skill.


Message History

The orc wizard shouts!
The orc throws a stone.
The stone hits the orc.
The manticore bites you!
* * * LOW HITPOINT WARNING * * *
You focus your will and blind the manticore in retribution!
The manticore closely misses you. x2
The orc wizard casts a spell at something.
You hit the manticore.
You kill the manticore!
The orc throws a stone.
The stone hits the orc but does no damage.
The orc zaps a wand.
The orc resists with significant effort.
The barbed spikes dig painfully into your body as you move.
* * * LOW HITPOINT WARNING * * *
The orc zaps a wand.
The orc evaporates and reforms as a goblin!
The orc throws a stone.
The stone hits the goblin but does no damage.
The barbed spikes dig painfully into your body as you move.
You die...

######## #......#####
#..@....†.†#
######..###'###.#####
.....o..g# #.# #.##{.#
.....o.(.###.###yy#..#
.........'.._###.....#
.....o...###.###.##..#
..?..o...# #.# #.##..#
.........###+###.##..#
.................##..#


You could see an orc wizard, 3 orcs and a goblin (wandering).

Vanquished Creatures
  Pikel (D:2)
  A manticore (D:9)
  A kobold demonologist (D:8)
  A two-headed ogre (D:8)
  Prince Ribbit (D:5)
  Eustachio (D:6)
  Grum (D:8)
  4 wolves
  Menkaure (D:6)
  5 ogres
  A hippogriff (D:9)
  A water moccasin (D:5)
  The ghost of ileska the Skirmisher, an average MiFi (D:3)
  3 black bears
  3 phantoms
  2 orc warriors
  2 ice beasts
  4 centaurs
  A giant frog (D:7)
  3 big kobolds
  2 scorpions
  4 wights
  4 killer bees (D:9)
  A centaur zombie (D:6)
  2 crimson imps (D:5)
  A jelly (D:7)
  3 hounds
  10 orc wizards
  3 orc priests
  A centaur skeleton (D:6)
  2 iguanas
  Natasha (twice) (D:4)
  4 worker ants
  A hound skeleton (D:5)
  16 gnolls
  A shadow imp (D:6)
  13 adders
  6 river rats (Sewer)
  7 oozes
  3 adder zombies
  An adder skeleton (D:9)
  10 worms
  28 orcs
  8 ball pythons
  8 giant cockroaches
  10 goblins
  5 hobgoblins
  22 jackals
  6 quokkas
  10 bats
  4 giant geckos
  17 giant newts
  15 kobolds
  A quokka skeleton (D:3)
  12 rats
281 creatures vanquished.

Vanquished Creatures (others)
  2 slaves (D:4)
  A giant frog (D:7)
  3 orc wizards
  A worker ant (D:4)
  Natasha (D:4)
  2 orcs
  A kobold (D:7)
11 creatures vanquished.

Grand Total: 292 creatures vanquished

Notes
Turn   | Place    | Note
--------------------------------------------------------------
     0 | D:1      | Edwin the Formicid Hunter began the quest for the Orb.
     0 | D:1      | Reached XP level 1. HP: 16/16 MP: 1/1
   201 | D:1      | Reached XP level 2. HP: 20/22 MP: 2/2
   289 | D:1      | Reached skill level 1 in Armour
   576 | D:1      | Reached XP level 3. HP: 24/28 MP: 3/3
  1324 | D:2      | Reached XP level 4. HP: 24/34 MP: 4/4
  1442 | D:2      | Found a snail-covered altar of Cheibriados.
  2436 | D:2      | Reached XP level 5. HP: 41/41 MP: 5/5
  2694 | D:3      | Noticed ileska's ghost (average MiFi)
  2858 | D:3      | Killed ileska's ghost
  2858 | D:3      | Reached XP level 6. HP: 28/48 MP: 6/6
  3583 | D:3      | You fall through a shaft!
  3583 | D:4      | Found Yntabitu's Antique Armour Boutique.
  3618 | D:4      | Found Umac's Antique Armour Boutique.
  4065 | D:4      | Reached skill level 5 in Fighting
  4065 | D:4      | Reached XP level 7. HP: 54/56 MP: 7/7
  4100 | D:4      | Noticed Pikel
  4101 | D:4      | Noticed a slave
  4102 | D:4      | Noticed a slave
  4102 | D:4      | Noticed a slave
  4104 | D:4      | Noticed a slave
  4197 | D:2      | Killed Pikel
  4197 | D:2      | Reached skill level 6 in Fighting
  4197 | D:2      | Reached XP level 8. HP: 29/65 MP: 8/8
  4449 | D:4      | Found Kadacwun's Weapon Emporium.
  4464 | D:4      | Killed a freed slave
  4491 | D:4      | Killed a freed slave
  4515 | D:4      | Reached skill level 7 in Fighting
  4717 | D:4      | Noticed Natasha
  4721 | D:4      | Killed Natasha
  4732 | D:4      | Found a staircase to the Ecumenical Temple.
  4741 | Temple   | Entered the Ecumenical Temple
  4763 | Temple   | Became a worshipper of Ru the Awakened
  4805 | D:4      | Killed Natasha
  4886 | D:4      | Noticed Natasha
  4886 | D:4      | Killed Natasha
  4984 | D:5      | Entered Level 5 of the Dungeon
  5028 | D:5      | Reached skill level 1 in Shields
  5293 | D:5      | Noticed Prince Ribbit
  5653 | D:5      | Got an encrusted whip
  5654 | D:5      | Identified the +3 whip of Inquiry {drain, Str+2 Stlth+} (You found it on level 5 of the Dungeon)
  5688 | D:5      | Killed Prince Ribbit
  5688 | D:5      | Reached skill level 5 in Crossbows
  5688 | D:5      | Reached XP level 9. HP: 72/72 MP: 9/9
  6302 | D:5      | Reached skill level 5 in Shields
  6623 | D:6      | Noticed Menkaure
  6628 | D:6      | Killed Menkaure
  6763 | D:6      | Found a glowing drain.
  6783 | D:6      | Gained mutation: You cannot read scrolls while threatened. [Ru sacrifice]
  6783 | D:6      | Acquired Ru's first power
  6789 | Sewer    | Entered a sewer
  7525 | D:6      | Noticed Eustachio
  7579 | D:6      | Killed Eustachio
  7727 | D:6      | Found a shattered altar of Ashenzari.
  7766 | D:6      | Found an iron altar of Okawaru.
  8000 | D:6      | Found an opulent altar of Gozag.
  8016 | D:6      | Reached XP level 10. HP: 79/79 MP: 10/10
  8717 | D:4      | Bought a pair of warped gloves for 247 gold pieces
  8722 | D:4      | Identified the cursed +0 pair of gloves of Umuweama {-Tele Regen+ MP+9 Str+2} (You bought it in a shop on level 4 of the Dungeon)
  8928 | D:7      | Gained mutation: You cannot train Dodging skill. [Ru sacrifice]
  8928 | D:7      | Acquired Ru's second power
  9105 | D:7      | Found Ufefylip's General Store.
  9345 | D:7      | Reached skill level 8 in Shields
 10033 | D:7      | Found a bloodstained altar of Trog.
 10234 | D:4      | Bought a faintly humming cloak for 228 gold pieces
 10244 | D:4      | Identified the +1 cloak "Manog" {*Corrode rCorr Int+2 Stlth+} (You bought it in a shop on level 4 of the Dungeon)
 10549 | D:8      | Found a deep blue altar of Sif Muna.
 10569 | D:8      | Reached skill level 9 in Shields
 10843 | D:8      | Noticed Grum
 11048 | D:8      | Killed Grum
 11552 | D:8      | Gained mutation: Your magical capacity is low (-10% MP). [Ru sacrifice]
 11552 | D:8      | Acquired Ru's third power
 11839 | D:8      | Reached skill level 1 in Long Blades
 11888 | D:8      | Reached XP level 11. HP: 76/87 MP: 9/9
 12464 | D:9      | Found a stormy altar of Qazlal.
 12582 | D:9      | Noticed a manticore
 12595 | D:9      | Killed a manticore
 12596 | D:9      | HP: 2/87 [barbs]
 12597 | D:9      | Succumbed to a manticore's barbed spikes

Vault maps used:
D:1:      onia_arrival_larder, minmay_newt_pond
D:2:      cheibriados_altar_1
D:3:      first_bread
D:4:      lemuel_temple_firewalk, serial_shops, shop, kennysheep_little_box,
          nicolae_shop_crystal, uniq_natasha, uniq_pikel
D:5:      minmay_misc_feat_square, uniq_prince_ribbit1
D:6:      nicolae_gozag_seed_capital, overflow_temple_1_default,
          nicolae_overflow_crystal_walls, gup_sewer_entry_pipe, uniq_menkaure,
          uniq_eustachio
D:7:      trog_ov_bears_minmay, serial_shops, shop
D:8:      kennysheep_orc_sif_temple, uniq_grum
D:9:      led_sif_pool, lemuel_doored_altar
Temple:   zaba_magenta_temple_12
Sewer:    sewer_co_tree

Action                   |  1- 3 |  4- 6 |  7- 9 | 10-12 || total
-------------------------+-------+-------+-------+-------++-------
Melee: Short sword       |   105 |   111 |       |       ||   216
       Dagger            |       |    42 |   223 |   245 ||   510
       Whip              |       |       |    66 |    24 ||    90
       Great sword       |       |       |       |   106 ||   106
 Fire: Hand crossbow     |    29 |    81 |   120 |    96 ||   326
Invok: Sacrifice Words   |       |       |     1 |       ||     1
       Sacrifice Essence |       |       |       |     1 ||     1
       Sacrifice Nimblen |       |       |       |     1 ||     1
 Abil: Dig               |     1 |       |       |       ||     1
Evoke: Wand              |       |       |       |     1 ||     1
  Use: Scroll            |       |       |     7 |     6 ||    13
       Potion            |       |       |       |     3 ||     3
 Stab: Sleeping          |     3 |     2 |     2 |     1 ||     8
       Invisible         |       |       |       |     1 ||     1
       Distracted        |       |       |       |     1 ||     1
  Eat: Chunk             |     1 |     9 |    13 |     8 ||    31
       Beef jerky        |       |       |       |     2 ||     2
       Bread ration      |       |       |       |     1 ||     1
